 Dungeon Crawl Stone Soup version 0.28.0-53-g5a82cb258f (webtiles) character file.

Game seed: 12302611396400089139

5 Faeu the Insei (level 1, -1/17 HPs)
             Began as a Djinni Transmuter on May 30, 2022.
             Slain by a jackal (3 damage)
             ... on level 1 of the Dungeon.
             The game lasted 00:00:31 (173 turns).

Faeu the Insei (Djinni Transmuter)                   Turns: 173, Time: 00:00:32

Health: -1/17      AC:  2    Str:  9    XL:     1   Next: 88%
Gold:   0          EV: 12    Int: 14    God:
                   SH:  0    Dex: 13

rFire   + + .      SeeInvis .     - Unarmed
rCold   x . .      Faith    .   (no shield)
rNeg    . . .      Spirit   .   a - +0 robe
rPois   ∞          Reflect  .   (no helmet)
rElec   .          Harm     .   (no cloak)
rCorr   .          Rampage  .   (no gloves)
Will    .....                   (boots unavailable)
Stlth   +.........              (no amulet)
HPRegen 0.05/turn               (no ring)
MPRegen 0.00/turn               (no ring)

@: flying
A: sickness immunity, fire resistance 2, cold vulnerability 1, float, innate
caster, HP casting, extra vitality 1
a: no special abilities


You were on level 1 of the Dungeon.
You visited 1 branch of the dungeon, and saw 1 of its levels.


Innate Abilities, Weirdness & Mutations

You are immune to sickness and miasma.
You are immune to poison.
Your flesh is very heat resistant. (rF++)
You are vulnerable to cold. (rC-)
You float through the air rather than walking.
You learn spells naturally, not from books.
Your magical power is your life essence.
You have superior vitality. (+4 MHP)


   Skills:
 + Level 1.2 Fighting
 + Level 2.3 Dodging
 + Level 3.1 Unarmed Combat
 + Level 1.6 Spellcasting


You couldn't memorise any spells.
You knew the following spells:

 Your Spells              Type           Power      Damage    Failure   Level
a - Beastly Appendage     Tmut           10%        N/A       12%         1
b - Wereblood             Tmut           5%         N/A       19%         2
c - Spider Form           Tmut/Pois      5%         N/A       36%         3
d - Ice Form              Ice/Tmut       5%         N/A       77%         4
Your spell library was empty.

Inventory:

Armour
 a - a +0 robe (worn)
Scrolls
 b - a scroll of blinking {unknown}

Dungeon Overview and Level Annotations

Branches:
Dungeon (1/15)

Altars:

#.#####.##...
#.##.........
###.##.##.##...
#.........####.
#.####.#### #.
##.## #.# ##
##...# #.#
##.###....#
#@h# ..###
#.#.⌠.#.#
#..#.#..#
##.### . .. ##
.#. ... ## #


You could see a jackal.


Message History

The bat hits you. 😕 HP[-1]
You take 1 damage, and now have 16/17 hp.
The bat hits you. The bat misses you. 😕 HP[-1]
You take 1 damage, and now have 15/17 hp.
The bat hits you but does no damage.
You hit the bat but do no damage. The bat barely misses you.
The bat hits you but does no damage. The bat misses you.
You hit the bat.
You kill the bat!
You see here a +0 hunting sling {sling}. 😕 HP[+1]
You see here a +0 whip {mace}. 😎 HP[+1]
A ball python comes into view.
The ball python hisses angrily.
You hit the ball python.
You kill the ball python! 2 jackals come into view.
The helpless jackal fails to defend itself.
You hit the jackal but do no damage.
The jackal bites you but does no damage.
You closely miss the jackal. The jackal barely misses you. x2
You barely miss the jackal. The jackal completely misses you.
You closely miss the jackal. The jackal barely misses you.
You completely miss the jackal. Your punch misses the jackal.
The jackal bites you. The jackal closely misses you. 😕 HP[-1]
You take 1 damage, and now have 16/17 hp.
You barely miss the jackal. The jackal closely misses you.
You hit the jackal but do no damage. Your punch misses the jackal.
The jackal barely misses you.
You barely miss the jackal. The jackal bites you. 😕 HP[-1]
You take 1 damage, and now have 15/17 hp.
You closely miss the jackal. The jackal misses you.
The jackal barely misses you.
You hit the jackal but do no damage.
The jackal bites you but does no damage.
You closely miss the jackal. You punch the jackal.
The jackal barely misses you.
You closely miss the jackal. The jackal bites you.
The jackal barely misses you. 😕 HP[-2]
You take 2 damage, and now have 13/17 hp.
You closely miss the jackal. The jackal barely misses you.
You hit the jackal but do no damage. The jackal barely misses you.
You closely miss the jackal. The jackal misses you.
You closely miss the jackal. The jackal bites you.
The jackal bites you but does no damage. 😮 HP[-1]
You take 1 damage, and now have 12/17 hp.
You closely miss the jackal. The jackal misses you.
You hit the jackal but do no damage. The jackal barely misses you.
The jackal bites you. 😮 HP[-1]
You take 1 damage, and now have 11/17 hp.
You miss the jackal. The jackal closely misses you.
You hit the jackal. The jackal closely misses you.
You closely miss the jackal. The jackal bites you.
The jackal barely misses you. 😮 HP[-1]
You take 1 damage, and now have 10/17 hp.
You closely miss the jackal. The jackal misses you.
You hit the jackal but do no damage. Your punch misses the jackal.
The jackal bites you.
* * * LOW HITPOINT WARNING * * *
😨 HP[-2]
You take 2 damage, and now have 8/17 hp.
You closely miss the jackal. The jackal bites you.
* * * LOW HITPOINT WARNING * * *
The jackal bites you.
* * * LOW HITPOINT WARNING * * *
You closely miss the jackal. You punch the jackal.
You kill the jackal!
The jackal barely misses you.
You barely miss the jackal. The jackal bites you.
* * * LOW HITPOINT WARNING * * *
You hit the jackal. The jackal closely misses you. 😱 HP[-4]
You take 4 damage, and now have 4/17 hp.
MASSIVE DAMAGE!! (PAUSE)
You barely miss the jackal. The jackal barely misses you.
The jackal closely misses you.
You hit the jackal.
You kill the jackal!
A jackal comes into view.
The jackal barks!
The jackal bites you but does no damage.
You barely miss the jackal. The jackal closely misses you.
You hit the jackal. The jackal bites you.
* * * LOW HITPOINT WARNING * * *
😱 HP[-2]
You take 2 damage, and now have 2/17 hp.
You barely miss the jackal. The jackal closely misses you.
The jackal barely misses you.
You hit the jackal. The jackal completely misses you.
You closely miss the jackal. The jackal bites you.
You die...

Action                   || total
-------------------------++-------
Melee: Unarmed           ||    37
       Punch             ||     2
 Stab: Sleeping          ||     1
Armor: Robe              ||     7
Dodge: Dodged            ||    31

Levels and vault maps discovered:
D:1:      nagdon_arrival_double_spiral, layout_loops_cross,
          shapermc_ecumenical_altar_notcrosses, minmay_door_square,
          grunt_decor_one_mirror, minmay_tetromino_o2

Notes
Turn   | Place    | Note
-------+----------+-------------------------------------------
     0 | D:1      | Faeu the Djinni Transmuter began the quest for the Orb.
     0 | D:1      | Reached XP level 1. HP: 17/17 MP: 0/0
     0 | D:1      | magus.rc [v1.9.6]
   163 | D:1      | HP: 4/17 [jackal (3)]
   170 | D:1      | HP: 2/17 [jackal (2)]
   173 | D:1      | Slain by a jackal

Vanquished Creatures
  A ball python (D:1)
  A bat (D:1)
  2 jackals (D:1)
4 creatures vanquished.

Table legend:
 A = Non-vault XP
 B = Vault XP
 C = Vault XP percentage of total XP
 D = Non-vault monster count
 E = Vault monster count
 F = Vault count percentage of total count
                 A         B        C        D         E       F
            +---------+---------+-------+---------+---------+-------
      Total |       8 |       0 |   0.0 |       4 |       0 |   0.0
            +---------+---------+-------+---------+---------+-------
        D:1 |       8 |       0 |   0.0 |       4 |       0 |   0.0
            +---------+---------+-------+---------+---------+-------

Illustrated notes

Table legend:
 A = Kills in this place as a percentage of kills in entire the game.
 B = Kills by you in this place as a percentage of kills by you in the entire game.
 C = Kills by friends in this place as a percentage of kills by friends in the entire game.
 D = Other kills in this place as a percentage of other kills in the entire game.
 E = Experience gained in this place as a percentage of experience gained in the entire game.
 F = Experience gained in this place divided by the number of levels of this place that you have seen.
                   A       B       C       D       E      F
               +-------+-------+-------+-------+-------+----------------------
         Total | 100.0 | 100.0 |   N/A |   N/A | 100.0 |   8.0
       Dungeon | 100.0 | 100.0 |   N/A |   N/A | 100.0 |   8.0
               +-------+-------+-------+-------+-------+----------------------

Table legend: (Time is in decaauts)
 A = Elapsed time spent in this place.
 B = Non-inter-level travel time spent in this place.
 C = Inter-level travel time spent in this place.
 D = Time resting spent in this place.
 E = Time spent auto-exploring this place.
 F = Levels seen in this place.
 G = Mean time per level.
                   A        B        C        D        E       F      G
               +--------+--------+--------+--------+--------+-----+--------+
         Total |    170 |    170 |      0 |      0 |     82 |   1 |  170.0 |
       Dungeon |    170 |    170 |      0 |      0 |     82 |   1 |  170.0 |
               +--------+--------+--------+--------+--------+-----+--------+

Top non-repeatable levels by time:
     D:1: 170 daAuts
